 Dungeon Crawl Stone Soup version 0.28.0-62-gf88900778d (webtiles) character file.

Game seed: 14954963585164909657

296 cbfl8 the Chopper (level 6, -5/53 HPs)
             Began as a Minotaur Fighter on July 5, 2023.
             Was an Initiate of Hepliaklqana.
             Slain by an orc warrior
             ... wielding a +0 glaive
              (8 damage)
             ... on level 4 of the Dungeon.
             The game lasted 00:02:51 (2988 turns).

cbfl8 the Chopper (Minotaur Fighter)                Turns: 2988, Time: 00:02:52

Health: -5/53      AC:  7    Str: 21    XL:     6   Next: 12%
Magic:  5/5        EV:  6    Int:  5    God:    Hepliaklqana [......]
Gold:   100        SH:  0    Dex: 11    Spells: 5/5 levels left

rFire   . . .      SeeInvis .   a - +0 war axe
rCold   . . .      Faith    .   e - +0 tower shield
rNeg    . . .      Spirit   .   b - +0 scale mail
rPois   .          Reflect  +   (helmet restricted)
rElec   .          Harm     .   (no cloak)
rCorr   .          Rampage  .   (no gloves)
Will    .....                   (no boots)
Stlth   ..........              f - amulet of reflection
HPRegen 0.17/turn               (no ring)
MPRegen 0.09/turn               (no ring)

@: confused
A: horns 2, retaliatory headbutt
a: Renounce Religion


You were on level 4 of the Dungeon.
You worshipped Hepliaklqana.
Hepliaklqana was noncommittal.
You visited 1 branch of the dungeon, and saw 4 of its levels.

You collected 100 gold pieces.

Inventory:

Hand Weapons
 a - a +0 war axe (weapon)
Armour
 b - a +0 scale mail (worn)
 e - a +0 tower shield (worn)
Jewellery
 f - an amulet of reflection (around neck)
Scrolls
 c - 2 scrolls of fear {unknown}
 g - a scroll of vulnerability {unknown}
 k - a scroll of identify {unknown}
 l - a scroll of enchant armour {unknown}
 m - a scroll of teleportation {unknown}
 p - a scroll of noise {unknown}
Potions
 d - a potion of might
 h - a potion of brilliance {unknown}
 i - a potion of haste {unknown}
 n - a potion of heal wounds {unknown}


   Skills:
 + Level 4.5 Fighting
 + Level 4.9 Axes
 * Level 1.9 Throwing
 + Level 4.4 Armour
 + Level 0.5 Dodging
 + Level 0.1 Stealth
 + Level 4.4 Shields
 * Level 1.7 Evocations


You had 5 spell levels left.
You didn't know any spells.
Your spell library contained the following spells:

 Spells                   Type           Power      Damage    Failure   Level
 Blink                    Tloc           0%         N/A       100%        2
 Lesser Beckoning         Tloc           0%         N/A       100%        3
 Manifold Assault         Tloc           0%         N/A       100%        5


Dungeon Overview and Level Annotations

Branches:
Dungeon (4/15)
 Temple: D:4-7

Altars:
Ashenzari
Hepliaklqana
Qazlal
Trog
Zin


Innate Abilities, Weirdness & Mutations

You have a pair of horns on your head.
You reflexively headbutt those who attack you in melee.


Message History

Unknown command.
You completely miss the orc. Your headbutt misses the orc. Something hits you.
The orc barely misses you. You furiously retaliate!
You headbutt the orc. Something hits you.
Unknown command.
You slash the orc!
You kill the orc!
You block something's attack.
Unknown command.
No target in view!
Unknown command.
Unknown command.
No target in view!
Something hits you but does no damage.
Items here: )) [ †.
You barely miss something.
The orc warrior shouts!
Your headbutt misses something. Something hits you but does no damage.
You block something's attack.
You miss something. Something hits you but does no damage.
You block the orc warrior's attack.
You hear some strange, mumbled words.
Something tries to affect you, but you resist.
You closely miss something. You block the orc warrior's attack.
You hear some strange, mumbled words.
You are confused.
The orc warrior hits you from afar with a +0 glaive!
Something hits you.
The orc warrior hits you with a +0 glaive!
You are too confused!
You bump into the rock wall.
Something hits you. The orc warrior completely misses you. Something hits you.
The orc warrior hits you with a +0 glaive!
* * * LOW HITPOINT WARNING * * *
Things that are here:
a +0 hand axe; a +0 leather armour; an orc corpse Something hits you but does no damage.
The orc warrior hits you from afar with a +0 glaive!
You die...

................<.#
............$....#
..........##...#.#
................##
.............#......
#.#####)..)..##.....
#.# #.o............
#.####.)............
##.##...@{...........
#..)....##=.........#
#.......##..........
#......###..####....
#......# ##.# #.#.
#.##.### #.# .# #.
..# #.# ..#### #..
... ..


You could see an orc warrior.

Vanquished Creatures
  A scorpion (D:4)
  A bullfrog skeleton (D:4)
  Jessica (D:2)
  An orc wizard (D:4)
  Robin (D:3)
  3 gnolls (D:3)
  An adder (D:3)
  2 dart slugs
  10 orcs
  4 ball pythons
  8 endoplasms
  3 giant cockroaches
  19 goblins
  6 hobgoblins
  4 quokkas
  8 bats
  6 frilled lizards
  5 kobolds
  5 rats
89 creatures vanquished.

Notes
Turn   | Place    | Note
-------+----------+-------------------------------------------
     0 | D:1      | cbfl8 the Minotaur Fighter began the quest for the Orb.
     0 | D:1      | Reached XP level 1. HP: 19/19 MP: 0/0
    81 | D:1      | Reached XP level 2. HP: 27/27 MP: 1/1
   327 | D:1      | Found a faded altar of an unknown god.
   772 | D:1      | Reached XP level 3. HP: 33/33 MP: 2/2
  1182 | D:2      | Noticed Jessica
  1192 | D:2      | Killed Jessica
  1439 | D:2      | Reached XP level 4. HP: 41/41 MP: 3/3
  1686 | D:2      | Reached skill level 1 in Evocations
  1824 | D:3      | Noticed Robin
  1832 | D:3      | Killed Robin
  1947 | D:3      | Found a glowing silver altar of Zin.
  2001 | D:3      | Found a bloodstained altar of Trog.
  2001 | D:3      | Found a hazy altar of Hepliaklqana.
  2001 | D:3      | Found a broken altar of Ashenzari.
  2016 | D:3      | Became a worshipper of Hepliaklqana the Forgotten
  2146 | D:3      | Reached skill level 1 in Throwing
  2171 | D:3      | Found a stormy altar of Qazlal.
  2233 | D:3      | Reached XP level 5. HP: 23/47 MP: 4/4
  2787 | D:4      | Noticed an orc warrior
  2801 | D:4      | Reached XP level 6. HP: 20/53 MP: 5/5
  2987 | D:4      | HP: 2/53 [orc warrior/+0 glaive (16)]
  2988 | D:4      | Slain by an orc warrior

Illustrated notes

Levels and vault maps discovered:
D:1:      minmay_arrival_wavy_path, layout_loops_ring,
          ebering_ecumenical_altar_box
D:2:      layout_rooms, st_stairs_8, minmay_puff, uniq_jessica
D:3:      layout_loops_ring, mainiacjoe_overflow_small_starburst,
          nicolae_qazlal_scattered_showers,
          chequers_temple_overflow_statue_of_worship, uniq_robin
D:4:      layout_rooms, lemuel_tele_altar, temple_hall, serial_shops,
          nicolae_shop_crystal

Skill      XL: |  1  2  3  4 |
---------------+-------------+-----
Fighting       | 4 |  4.5
Axes           | 3 4 |  4.9
Evocations     | 1 |  1.7
Armour         | 4 |  4.4
Shields        | 4 |  4.4
Throwing       | 1 |  1.9
Dodging        | |  0.5
Stealth        | |  0.1

Action                   |  1- 3 |  4- 6 || total
-------------------------+-------+-------++-------
Melee: War axe           |    80 |    99 ||   179
       Headbutt          |    10 |     8 ||    18
  Use: Potion            |       |     3 ||     3
Armor: Scale mail        |    43 |    34 ||    77
Dodge: Dodged            |    38 |    10 ||    48
Block: Buckler           |    12 |       ||    12
       Tower shield      |    17 |   117 ||   134
       Reflection        |       |     6 ||     6
